AoeStats
← Plutos0101

Arena

510019605Analyzed
2v2 RM · 4d ago on Sep 29, 2026· 36m 43s· 4 players
Game mode
Random Map
Map size
Medium (4 player)
Population
200
Speed
Normal
Resources
Standard
Victory
Conquest
Starting age
Dark Age
Ending age
Imperial Age
RankedLock teamsTeams togetherTeam positionsShared explorationLock speedFull tech treeHidden civsTurbo modeCheats
Victory
Defeat
🇨🇱 Turks · Chile
1225
+16
🇨🇦 Persians · Canada
1216
+16
🇺🇸 Poles · United States
1219
-16
🇺🇸 Bohemians · United States
1218
-16
Big Testicles
10:22 Feudal Age
15:01 Castle Age
13:39 Double-Bit Axe
13:36 Horse Collar
14:00 Loom
15:48 Bow Saw
16:46 Heavy Plow
20:23 Wheelbarrow
20:56 Gold Mining
22:12 Gold Shaft Mining
23:09 Hand Cart
24:12 Stone Mining
28:55 Imperial Age
26:08 Crossbowman
26:53 Thumb Ring
27:04 Fletching
27:15 Padded Archer Armor
27:20 Kamandaran
27:48 Ballistics
27:44 Bodkin Arrow
28:58 Leather Archer Armor
29:05 Bloodlines
28:55 Husbandry
30:27 Chemistry
29:57 Masonry
30:44 Ring Archer Armor
30:07 Cavalier
31:00 Scale Barding Armor
31:08 Forging
31:22 Conscription
31:40 Savar
32:48 Chain Barding Armor
34:03 Iron Casting
35:40 Plate Barding Armor
Plutos0101
9:49 Loom
12:03 Feudal Age
16:17 Castle Age
14:34 Double-Bit Axe
14:41 Horse Collar
16:10 Gold Mining
17:52 Bow Saw
20:03 Heavy Plow
22:55 Fervor
23:27 Wheelbarrow
29:24 Imperial Age
27:23 Hand Cart
27:15 Scale Barding Armor
28:09 Bloodlines
29:53 Chain Barding Armor
30:28 Gold Shaft Mining
29:47 Stone Mining
31:21 Plate Barding Armor
31:26 Husbandry
31:38 Forging
33:38 Iron Casting
33:34 Conscription
iguanaus
10:27 Feudal Age
15:01 Castle Age
13:08 Double-Bit Axe
13:31 Horse Collar
17:11 Fervor
17:28 Bow Saw
18:04 Heavy Plow
21:56 Wheelbarrow
21:06 Loom
24:42 Chemistry
24:13 Padded Archer Armor
24:34 Hand Cart
29:18 Imperial Age
27:43 Leather Archer Armor
27:29 Scale Mail Armor
27:34 Town Watch
28:03 Forging
28:23 Pikeman
29:03 Squires
29:54 Town Patrol
30:11 Chain Mail Armor
30:31 Iron Casting
30:08 Halberdier
31:20 Elite Skirmisher
32:31 Ring Archer Armor
32:32 Plate Mail Armor
33:35 Blast Furnace
33:03 Conscription
32:49 Wagenburg Tactics
34:29 Siege Engineers
34:45 Ballistics
33:52 Houfnice
Namdastunna
11:39 Feudal Age
15:27 Castle Age
13:19 Double-Bit Axe
13:46 Horse Collar
16:55 Bow Saw
17:27 Heavy Plow
20:15 Wheelbarrow
21:58 Hand Cart
22:21 Gold Mining
22:25 Stone Mining
24:18 Loom
24:18 Town Watch
25:23 Stone Shaft Mining
25:28 Town Patrol
26:21 Scale Barding Armor
26:27 Forging
27:28 Husbandry
27:38 Bloodlines
29:23 Coinage
28:53 Caravan
29:04 Thumb Ring
28:20 Crossbowman
28:23 Light Cavalry
29:26 Chain Barding Armor
29:47 Iron Casting
32:46 Imperial Age
30:41 Szlachta Privileges
31:42 Fletching
31:54 Padded Archer Armor
33:02 Bodkin Arrow
33:22 Leather Archer Armor
32:53 Cavalier
32:54 Winged Hussar
34:12 Hoardings
33:24 Arbalester
Connection lost

Rejoining the realm…

Still unreachable

The connection could not be restored.

Session expired

The server has moved on; the page needs a fresh start.